 Dungeon Crawl Stone Soup version 0.30-a0-930-gb9d0489357 (webtiles) character file.

Game seed: 16982340086630853709

1547059 ragingrage the Acrobat (level 25, 189/189 HPs)
             Began as a Mummy Hunter on Mar 23, 2023.
             Was a High Priest of Hepliaklqana.
             Escaped with the Orb
             ... and 3 runes!
             The game lasted 01:46:21 (77932 turns).

ragingrage the Acrobat (Mummy Hunter)              Turns: 77932, Time: 01:46:22

Health: 189/189    AC: 25    Str: 15    XL:     25   Next: 47%
Magic:  38/38      EV: 34    Int:  8    God:    Hepliaklqana [*****.]
Gold:   3034       SH: 22    Dex: 34    Spells: 27/30 levels left

rFire   + . .      SeeInvis .    p - +9 hand crossbow (freeze)
rCold   + + .      Faith    +    P - +5 kite shield {rC+ rF+}
rNeg    + + +      Spirit   .    a - +5 ring mail of the Lumpy Dances {Will+ Dex+4}
rPois   ∞          Reflect  .    N - +2 hat {Will+}
rElec   +          Rampage  .    Q - +2 cloak {Will+}
rCorr   .                        e - +2 pair of gloves
Will    +++++                    r - +2 pair of boots
Stlth   +                        O - dreamshard necklace {*Dream Drain}
HPRegen 0.51/turn                z - ring "Syewk" {+Blink rPois Int-5 Dex+8 Slay+3}
MPRegen 0.26/turn                B - ring of Vodka {rElec rF+ MP+9}

@: no status effects
A: reduced essence, cold resistance 1, negative energy resistance 3, torment
resistance 2, heat vulnerability 1, in touch with death 2, no potions, faith
0: Orb of Zot
}: 3/15 runes: serpentine, barnacled, slimy
a: Renounce Religion, Evoke Blink, Recall Ancestor, Ancestor Identity,
Transference, Idealise


You escaped.
You worshipped Hepliaklqana.
Hepliaklqana was extremely pleased with you.
You visited 11 branches of the dungeon, and saw 53 of its levels.
You visited 1 bazaar.
You also visited: Ossuary, Ice Cave and Wizlab.

You collected 7133 gold pieces.
You spent 4099 gold pieces at shops.

Inventory:

Hand Weapons
 p - a +9 hand crossbow of freezing (weapon)
 F - the +3 double sword of Ysyetti {freeze, Str+3 Int-5 Dex+9}
   (You bought it in a shop on level 6 of the Dungeon)

   Str:       It affects your strength (+3).
   Int:       It affects your intelligence (-5).
   Dex:       It affects your dexterity (+9).
 M - the +5 double sword "Iruhangi" {spect, *Slow rN++ Int+6}
   (You subdued it on level 2 of the Realm of Zot)

   Int:       It affects your intelligence (+6).
   rN:        It greatly protects you from negative energy.
   *Slow:     It may slow you when you take damage.
Missiles
 c - 4 throwing nets
 C - 7 curare-tipped darts
Armour
 a - the +5 ring mail of the Lumpy Dances (worn) {Will+ Dex+4}
   (You found it on level 15 of the Dungeon)

   Dex:       It affects your dexterity (+4).
   Will:      It increases your willpower.
 e - a +2 pair of gloves (worn)
 r - a +2 pair of boots (worn)
 G - the +3 salamander hide armour {Flames, rFlCloud rF++ rC--}
   (You found it on level 3 of the Elven Halls)

   Flames:    It surrounds you with flame clouds and enhances your fire magic.
   rFlCloud:  It grants immunity to flame clouds.
   rF:        It greatly protects you from fire.
   rC:        It makes you very vulnerable to cold.
 N - a +2 hat of willpower (worn)
 P - a +5 kite shield of resistance (worn)
 Q - a +2 cloak of willpower (worn)
Jewellery
 h - a ring of see invisible
 u - the ring "Askudwyu" {Fly rElec rCorr Int+2}
   (You bought it in a shop on level 2 of the Orcish Mines)

   [ring of flight]

   Int:       It affects your intelligence (+2).
   rElec:     It insulates you from electricity.
   Fly:       It grants you flight.
   rCorr:     It protects you from acid and corrosion.
 z - the ring "Syewk" (left hand) {+Blink rPois Int-5 Dex+8 Slay+3}
   (You took it off a deep elf annihilator on level 3 of the Elven Halls)

   [ring of poison resistance]

   Int:       It affects your intelligence (-5).
   Dex:       It affects your dexterity (+8).
   Slay:      It affects your accuracy & damage with ranged weapons and melee
   (+3).
   rPois:     It protects you from poison.
   +Blink:    It lets you blink.
 B - the ring of Vodka (right hand) {rElec rF+ MP+9}
   (You found it on level 3 of the Elven Halls)

   [ring of protection from fire]

   rF:        It protects you from fire.
   rElec:     It insulates you from electricity.
   MP:        It affects your magic capacity (+9).
 J - a ring of fire
 O - the dreamshard necklace (around neck) {*Dream Drain}
   (You bought it in a shop on level 2 of the Orcish Mines)

   [amulet of nothing]

   *Dream:    It shatters if its wearer takes lethal or near-lethal damage,
   preventing the blow and releasing protective dreams that heal and fight for
   the wearer.
   Drain:     It drains your maximum health when unequipped.
Wands
 i - a wand of polymorph (12)
 m - a wand of quicksilver (12)
 n - a wand of mindburst (30)
 w - a wand of digging (25)
 A - a wand of flame (39)
 D - a wand of paralysis (24)
 L - a wand of roots (14)
Scrolls
 b - 10 scrolls of immolation
 d - 11 scrolls of fear
 f - 7 scrolls of fog
 g - 23 scrolls of teleportation
 j - 3 scrolls of silence
 k - 12 scrolls of vulnerability
 o - 5 scrolls of butterflies
 q - a scroll of amnesia
 s - 12 scrolls of poison
 x - a scroll of enchant armour
 y - 5 scrolls of blinking
 H - 2 scrolls of torment
 I - a scroll of enchant weapon
Miscellaneous
 l - a box of beasts
 t - a condenser vane
 K - a tin of tremorstones (1/2)
 R - a lightning rod (4/4)
 S - a phial of floods


   Skills:
 - Level 20.0 Fighting
 - Level 4.9 Long Blades
 - Level 18.0 Ranged Weapons
 - Level 11.0 Armour
 + Level 21.3 Dodging
 - Level 2.0 Stealth
 - Level 14.0 Shields
 - Level 3.0 Spellcasting
 - Level 7.0 Translocations
 - Level 9.0 Invocations
 - Level 14.0 Evocations


You had 27 spell levels left.
You knew the following spells:

 Your Spells              Type           Power      Damage    Failure   Level
a - Blink                 Tloc           24%        N/A       9%          2
b - Apportation           Tloc           24%        N/A       5%          1

Your spell library contained the following spells:

 Spells                   Type           Power      Damage    Failure   Level
 Lesser Beckoning         Tloc           24%        N/A       9%          2
 Gell's Gravitas          Tloc           12%        N/A       17%         3
 Momentum Strike          Conj/Tloc      12%        3d8       34%         2
 Passage of Golubria      Tloc           12%        N/A       50%         4
 Foxfire                  Conj/Fire      4%         2x1d4     69%         1
 Kiss of Death            Conj/Necr      8%         2d6       69%         1
 Magic Dart               Conj           4%         1d3       69%         1
 Necrotise                Necr           8%         1d4       69%         1
 Sandblast                Erth           2%         2d4       69%         1
 Sting                    Tmut/Pois      4%         1d3       69%         1
 Summon Small Mammal      Summ           4%         N/A       69%         1
 Kindle Blastsparks       Fire/Tloc/Air  8%         2d10      75%         3
 Call Imp                 Summ           1%         N/A       83%         2
 Cigotuvi's Dreadful Rot  Necr/Pois/Air  4%         N/A       83%         2
 Passwall                 Tmut/Erth      0%         N/A       83%         2
 Poisonous Vapours        Pois/Air       2%         N/A       83%         2
 Scorch                   Fire           2%         2d5       83%         2
 Call Canine Familiar     Summ           1%         N/A       96%         3
 Confusing Touch          Hex            1%         N/A       96%         3
 Dazzling Flash           Conj/Hex       2%         N/A       96%         3
 Ignite Poison            Fire/Tmut/Pois 1%         N/A       96%         3
 Inner Flame              Hex/Fire       1%         N/A       96%         3
 Mephitic Cloud           Conj/Pois/Air  1%         N/A       96%         3
 Stone Arrow              Conj/Erth      2%         3d7       96%         3
 Summon Guardian Golem    Hex/Summ       1%         N/A       96%         3
 Tukima's Dance           Hex            1%         N/A       96%         3
 Vampiric Draining        Necr           2%         2d6       96%         3
 Cause Fear               Hex            0%         N/A       100%        4
 Dispel Undead            Necr           2%         3d7       100%        4
 Flame Wave               Conj/Fire      1%         2d4       100%        4
 Leda's Liquefaction      Hex/Erth       0%         N/A       100%        4
 Olgreb's Toxic Radiance  Pois           1%         N/A       100%        4
 Petrify                  Tmut/Erth      1%         N/A       100%        4
 Sticky Flame             Conj/Fire      1%         2d3       100%        4
 Summon Ice Beast         Ice/Summ       1%         N/A       100%        4
 Summon Lightning Spire   Summ/Air       1%         N/A       100%        4
 Agony                    Necr           2%         N/A       100%        5
 Alistair's Intoxication  Tmut/Pois      0%         N/A       100%        5
 Fireball                 Conj/Fire      0%         3d3       100%        5
 Freezing Cloud           Conj/Ice/Air   0%         6-21      100%        5
 Metabolic Englaciation   Hex/Ice        0%         N/A       100%        5
 Silence                  Hex/Air        0%         N/A       100%        5
 Summon Forest            Summ/Tloc      3%         N/A       100%        5
 Summon Mana Viper        Hex/Summ       1%         N/A       100%        5
 Yara's Violent Unravell  Hex/Tmut       0%         3d3       100%        5
 Conjure Ball Lightning   Conj/Air       0%         3x3d6     100%        6
 Simulacrum               Ice/Necr       1%         N/A       100%        6
 Starburst                Conj/Fire      0%         6d3       100%        6
 Summon Cactus Giant      Summ           0%         N/A       100%        6
 Enfeeble                 Hex            0%         N/A       100%        7
 Discord                  Hex            0%         N/A       100%        8
 Disjunction              Tloc           6%         N/A       100%        8
 Lehudib's Crystal Spear  Conj/Erth      0%         10d2      100%        8
 Polar Vortex             Ice            0%         N/A       100%        9
 Statue Form              Tmut/Erth      Unusable   N/A       N/A         6

Dungeon Overview and Level Annotations

Branches:
Dungeon (15/15)            Temple (0/1) D:7            Lair (5/5) D:11
 Shoals (4/4) Lair:2        Snake (4/4) Lair:3        Slime (5/5) Lair:5
    Orc (2/2) D:11            Elf (3/3) Orc:2        Vaults (4/5) D:13
  Crypt (2/3) Vaults:3     Depths (4/4) D:15            Zot (5/5) Depths:4
Ossuary (visited)           IceCv (visited)          WizLab (visited)

Altars:
Ashenzari
Cheibriados
Gozag
Hepliaklqana
Kikubaaqudgha
Nemelex Xobeh
Sif Muna
Vehumet
Wu Jian
Xom
Jiyva

Shops:
D:4 !*==(   D:6 (   Orc:2 [:=   Snake:3 :=:   Vaults:2 (   Depths:1 (!*?*!

Portals:
Hell: Depths:1 Depths:2 Depths:3 Depths:4
Abyss: Depths:3
Pandemonium: Depths:2 Depths:4
Ziggurat: Depths:1

Annotations:
D:3 1 runed translucent door, Crazy Yiuf
D:9 exclusion: downstairs
D:11 exclusion: 2 downstairs
D:15 exclusion: upstairs
Shoals:1 exclusion: downstairs
Elf:2 3 runed translucent doors
Vaults:2 1 runed translucent door, exclusion: obsidian statue, mandoloar's ghost, adept GnEE
Depths:2 2 transporters
Zot:2 exclusions: downstairs and upstairs


Innate Abilities, Weirdness & Mutations

Your life essence is reduced to manifest your ancestor. (-10% HP)
You are immune to poison.
Your flesh is cold resistant. (rC+)
You are immune to negative energy. (rN+++)
You are immune to unholy pain and torment.
You are vulnerable to heat. (rF-)
You are strongly in touch with the powers of death.
You do not drink.
You have a special connection with the divine. (Faith)


Message History

(Z) Zot
Where to? (Enter - D:1 @ (x,y), ? - help)
What level of the Dungeon? (default 1, ? - help)
There is a shaft here.
There is a stone staircase leading up here.
You climb upwards.
There is a stone staircase leading down here.
There is an entrance to Qaqodoaw's Jewellery Boutique here.
There is a stone staircase leading up here.
You climb upwards.
Level annotation: 1 runed translucent door, Crazy Yiuf
There is a stone staircase leading down here.
There is a stone staircase leading up here.
You climb upwards.
There is a stone staircase leading down here.
A tormentor comes into view.
You shoot a bolt. The bolt hits the tormentor!!
The bolt freezes the tormentor!
You kill the tormentor!
No target in view!
No target in view!
(D) Dungeon (T) Temple (L) Lair (A) Shoals (P) Snake Pit (M) Slime Pits (O) Orcish Mines (E) Elven Halls (V) Vaults (C) Crypt (U) Depths (H) Hell (Z) Zot
Where to? (Enter - D:1 @ (x,y), ? - help)
There is a stone staircase leading up here.
You climb upwards.
There is a stone staircase leading down here.
There is an open door here.
A glowing orange brain comes into view.
You shoot a bolt. The bolt hits the glowing orange brain!
The bolt freezes the glowing orange brain.
You shoot a bolt.
The bolt hits the glowing orange brain!!!
The bolt freezes the glowing orange brain!!
You kill the glowing orange brain!
No target in view!
No target in view!
There is a staircase leading out of the dungeon here.
You have escaped!

## ##.#...##~≈≈# #.#..# #..
# #.'...'~~≈≈# #.#..# ##. #
###...##~≈≈# #.#..# ##. #
##...#.≈≈# #.#..###.. #
#...##.≈#####.#......#
##...#.~##.#.....###..
#...##>#.#.###.......
##..R######.##..####.
##.@.##.#.##.....##.
#######.#.......##.
###.####.##....#....
#########.............###.##
#...........######.....#..#
#.#######.### #..##...##
######.# #.# #..###.##
.......# #.# #..# #.#
######## #.##### #..# #!#


You could see the friendly Sextus the knight (reflecting).

Vanquished Creatures
  the Royal Jelly (Slime:5)
  A pandemonium lord (Zot:5)
  3 dread liches (Zot:5)
  An ancient lich (Zot:5)
  2 orbs of fire (Zot:5)
  Margery (Vaults:2)
  Saint Roka (Orc:1)
  3 Killer Klowns
  2 curse toes
  Nikola (Shoals:2)
  4 golden dragons
  2 doom hounds (Depths:3)
  4 electric golems
  A hellephant (D:9)
  An Ice Fiend (D:11)
  Jorgrun (D:12)
  4 tentacled monstrosities
  21 Orb Guardians
  A lich (Crypt:2)
  A deep elf blademaster (Elf:3)
  A titan (Depths:3)
  3 quicksilver dragons
  A deep elf master archer (Elf:3)
  Asterion (Vaults:2)
  9 acid blobs
  2 sphinxes
  2 tengu reavers (Depths:1)
  2 ancient champions (Crypt:2)
  2 death cobs
  Gastronok (Lair:1)
  Kirke (D:12)
  6 shadow dragons
  10 storm dragons
  4 draconian monks
  A revenant (Crypt:2)
  4 nagarajas (Snake:4)
  A rockslime (Slime:5)
  4 deep elf sorcerers (Elf:3)
  3 frost giants
  6 draconian knights
  9 azure jellies
  7 fire giants
  Louise (Shoals:1)
  An iron dragon (Depths:3)
  Aizul (Snake:1)
  A ghost moth (Zot:5)
  10 vault wardens
  5 deep elf elementalists
  2 draconian stormcallers
  2 draconian scorchers
  2 orc warlords
  5 draconian shifters
  4 ghouls
  8 ironbound preservers
  3 angels
  The ghost of Imiczer the Cleaver, a journeyman FoFi of Okawaru (D:14)
  8 stone giants
  6 quicksilver oozes
  4 very ugly things
  2 ironbound thunderhulks
  A war gargoyle (Vaults:4)
  8 purple draconians
  6 deep elf demonologists (Elf:3)
  8 green draconians
  4 vampire knights
  4 white draconians
  2 yellow draconians
  3 black draconians
  7 deep elf annihilators
  2 spark wasps (Depths:2)
  7 dire elephants
  The ghost of Wociock the Destroyer, a journeyman DgHW (D:14)
  A bunyip (shapeshifter) (Zot:3)
  8 red draconians
  4 merfolk javelineers
  A blizzard demon (Zot:5)
  Snorg (D:12)
  9 deep elf death magi
  3 ettins
  2 eidola (Crypt:1)
  7 fire dragons
  3 entropy weavers (Vaults:1)
  6 merfolk impalers
  2 deep elf high priests (Elf:3)
  2 jiangshi (Crypt:2)
  2 rakshasas
  2 great orbs of eyes
  6 yaktaur captains
  A salamander tyrant (Snake:4)
  11 vault guards
  6 ironbound frosthearts
  A fenstrider witch zombie (Crypt:1)
  An ogre mage (D:15)
  3 anacondas
  5 ice dragons
  2 merfolk avatars
  4 alligator snapping turtles
  5 catoblepae
  3 hydras (Lair:5)
  A spriggan air mage (Depths:4)
  9 merfolk aquamancers
  A peacekeeper (Vaults:2)
  11 dancing weapons
  2 death knights
  13 centaur warriors
  3 deep troll shamans
  11 two-headed ogres
  12 death yaks
  5 vampire magi
  4 boulder beetles
  7 tengu warriors
  A satyr (Shoals:4)
  7 naga warriors
  10 hell knights
  4 deep troll earth magi
  3 orc high priests
  4 soul eaters
  5 spriggan berserkers
  6 shock serpents
  3 sun demons
  8 naga sharpshooters
  18 skeletal warriors
  2 iron trolls
  A salamander mystic (Snake:4)
  11 sea snakes
  A fire crab (Lair:4)
  46 deep trolls
  7 deep elf knights
  A goliath frog (Shoals:1)
  A storm dragon skeleton (Crypt:2)
  3 glowing orange brains
  3 skysharks
  A flayed ghost (Crypt:2)
  14 harpies
  2 shadow demons
  7 wizards
  A golden dragon zombie (Crypt:2)
  3 deep elf archers
  10 ironbound convokers
  A bunyip skeleton (Crypt:1)
  10 lindwurms
  8 phantasmal warriors
  4 necromancers
  4 orc knights (Orc:2)
  15 ugly things
  16 deep elf pyromancers
  17 deep elf zephyrmancers
  A bog body (Crypt:1)
  A golden dragon skeleton (Vaults:2)
  3 shining eyes (Slime:5)
  7 fauns
  A stone giant zombie (Crypt:2)
  4 orc sorcerers
  10 moths of wrath
  11 manticores
  A goliath frog skeleton (Crypt:1)
  6 cyclopes
  17 vault sentinels
  11 naga magi
  8 elephants
  5 salamanders
  5 merfolk sirens
  A guardian serpent (shapeshifter) (Elf:1)
  A guardian serpent (Snake:3)
  6 cane toads
  20 black mambas
  3 gargoyles
  A rust devil (Depths:2)
  2 torpor snails
  A smoke demon (Zot:5)
  2 water nymphs (Shoals:4)
  2 eyes of devastation (Slime:5)
  2 unseen horrors
  An orange demon (Depths:2)
  An efreet (D:15)
  A kobold demonologist (D:12)
  4 rime drakes
  5 komodo dragons
  A komodo dragon (shapeshifter) (D:15)
  35 yaktaurs
  2 ice devils
  3 tengu conjurers
  2 tormentors
  A meliai (shapeshifter) (D:14)
  A wind drake (Shoals:4)
  9 trolls
  10 polar bears
  7 hornets
  4 saltlings
  27 merfolk
  23 blink frogs
  13 dream sheep
  A fire dragon zombie (Crypt:2)
  A great orb of eyes zombie (Crypt:2)
  9 snapping turtles
  40 slime creatures
  A culicivora (Vaults:1)
  A flying skull (Crypt:1)
  2 vampires
  5 spriggans
  2 shadows
  17 water elementals
  3 air elementals
  3 fire elementals (Elf:1)
  3 hogs (D:12)
  51 yaks
  5 wraiths
  3 wyverns
  3 basilisks
  2 neqoxecs
  3 golden eyes
  2 chaos spawn (Zot:3)
  3 steam dragons
  6 vampire mosquitoes (D:14)
  A deep troll zombie (Crypt:2)
  A warg (Orc:2)
  44 nagas
  2 acid dragons
  10 water moccasins
  A glowing shapeshifter skeleton (Vaults:2)
  A black bear (Lair:1)
  5 ice beasts
  2 sky beasts
  15 orc warriors
  3 ogres
  18 wolves
  11 boggarts
  A human skeleton (Vaults:2)
  5 centaurs
  2 snapping turtle skeletons
  3 phantoms
  A draconian zombie (Crypt:2)
  4 kobold brigands
  4 bullfrogs
  2 necrophages
  3 earth elementals
  A gnoll sergeant (D:10)
  3 scorpions (D:5)
  A warg zombie (Crypt:2)
  7 wights
  4 killer bees (D:10)
  2 electric eels (Snake:2)
  A howler monkey (D:12)
  2 centaur zombies (Ossuary)
  4 human zombies
  2 jellies (D:5)
  4 hounds
  6 orc priests
  3 gnoll boudas
  An iguana (D:7)
  A boggart zombie (Crypt:1)
  17 orc wizards
  5 hell rats (Lair:5)
  A tengu skeleton (Crypt:1)
  A hound zombie (Crypt:1)
  4 mummies
  13 gnolls
  8 adders
  2 shadow imps (D:7)
  2 white imps
  An ufetubus (D:6)
  3 worms (D:5)
  A dart slug (D:1)
  61 orcs
  5 ball pythons
  4 endoplasms
  5 giant cockroaches
  2 gnoll zombies (Ossuary)
  8 goblins
  10 hobgoblins
  10 jackals
  3 quokkas
  6 bats
  2 frilled lizards (D:1)
  A goblin zombie (Ossuary)
  2 hobgoblin zombies
  19 kobolds
  An orc zombie (D:4)
  6 rats
  A river rat skeleton (Crypt:2)
1526 creatures vanquished.

Vanquished Creatures (collateral kills)
  An ancient lich (Zot:5)
  2 orbs of fire (Zot:5)
  4 Killer Klowns
  A curse toe (Zot:2)
  6 golden dragons
  Zenata (Vaults:2)
  5 tentacled monstrosities
  A lich (Zot:5)
  9 Orb Guardians
  Grunn (Depths:3)
  A walking earthen tome (Depths:4)
  Polyphemus (Shoals:1)
  2 quicksilver dragons
  4 acid blobs
  A deep elf blademaster (Elf:3)
  A death cob (Zot:5)
  A storm dragon (Zot:5)
  Donald (Vaults:4)
  A draconian monk (Zot:5)
  4 nagarajas
  2 azure jellies
  A draconian knight (Zot:2)
  Ilsuiw (Shoals:2)
  2 draconian scorchers
  2 fire giants (Depths:2)
  4 vault wardens
  A deep elf sorcerer (Elf:3)
  A frost giant (IceCv)
  A deep elf elementalist (Elf:3)
  A draconian shifter (Zot:5)
  2 angels (Zot:3)
  A draconian annihilator (Zot:3)
  4 ghouls
  4 ironbound preservers
  A war gargoyle (Vaults:2)
  A quicksilver ooze (Slime:4)
  5 stone giants
  7 very ugly things
  An ironbound thunderhulk (Vaults:4)
  2 black draconians
  A vampire knight (Crypt:2)
  A deep elf demonologist (Elf:3)
  6 dire elephants
  A deep elf annihilator (Elf:3)
  A white draconian (Zot:5)
  A yellow draconian (Zot:3)
  A red draconian (Zot:1)
  3 purple draconians
  A blizzard demon (D:8)
  2 ettins (Depths:2)
  An eidolon (Crypt:1)
  3 merfolk impalers
  3 deep elf death magi
  A green death (Depths:2)
  5 great orbs of eyes
  5 yaktaur captains
  A fire dragon (Depths:2)
  2 rakshasas
  2 vault guards
  2 ice dragons
  A merfolk avatar (Shoals:2)
  3 ironbound frosthearts
  2 anacondas
  A centaur warrior (D:10)
  3 merfolk aquamancers
  4 deep troll shamans
  8 dancing weapons
  3 naga warriors (Snake:3)
  A catoblepas (Lair:5)
  3 two-headed ogres
  2 satyrs
  A death knight (Crypt:1)
  4 deep troll earth magi
  3 death yaks
  2 naga sharpshooters
  A shock serpent (Snake:4)
  5 hell knights
  6 deep elf knights
  8 skeletal warriors
  An iron troll (Vaults:4)
  A salamander mystic (Snake:1)
  A shadow wraith (Crypt:1)
  4 sea snakes
  14 deep trolls
  2 flayed ghosts
  A naga ritualist (Snake:4)
  An orange crystal statue (D:14)
  2 glowing orange brains
  7 deep elf archers
  A spriggan simulacrum (Crypt:2)
  3 bog bodies
  A phantasmal warrior (Vaults:3)
  2 necromancers
  5 harpies
  10 deep elf pyromancers
  A deep elf zephyrmancer (Elf:1)
  5 lindwurms
  A manticore (Shoals:1)
  7 ugly things
  A salamander (Snake:4)
  4 fauns
  5 cyclopes
  5 moths of wrath
  An iron dragon skeleton (Crypt:2)
  2 merfolk sirens
  2 mana vipers
  A cane toad (shapeshifter) (D:13)
  An ice statue (IceCv)
  An elephant (Lair:1)
  3 naga magi
  5 black mambas
  2 vault sentinels
  2 dire elephant skeletons (Crypt:2)
  A smoke demon (Depths:4)
  3 cane toads
  A tormentor (Depths:3)
  A pale draconian zombie (Crypt:2)
  3 komodo dragons
  5 yaktaurs
  A death drake zombie (Crypt:1)
  2 polar bears (IceCv)
  3 trolls
  11 merfolk
  A hellwing (D:11)
  3 wind drakes
  3 blink frogs
  4 saltlings
  A hornet (Depths:3)
  4 snapping turtles
  3 dream sheep (Lair:5)
  3 flying skulls (Crypt:1)
  A vampire (D:11)
  11 slime creatures
  15 water elementals
  17 yaks
  3 golden eyes
  A wyvern (D:9)
  A hog (D:12)
  2 basilisks
  A neqoxec (D:10)
  4 vampire mosquitoes (D:14)
  A faun zombie (Crypt:1)
  A warg (Orc:1)
  An entropy weaver zombie (Crypt:1)
  14 nagas
  2 acid dragons
  4 water moccasins
  11 orc warriors
  A sky beast (D:8)
  A boggart (D:15)
  2 centaurs
  2 ogres
  2 wolves (IceCv)
  2 bullfrogs (Lair:4)
  2 necrophages (Crypt:1)
  2 earth elementals
  A wight (D:8)
  An electric eel (Snake:2)
  6 orc priests
  7 orc wizards
  A hell rat (Lair:5)
  A hound skeleton (Crypt:2)
  4 gnolls
  A white imp (D:8)
  24 orcs
  A butterfly (Zot:3)
  A pillar of salt (Orc:2)
506 creatures vanquished.

Vanquished Creatures (others)
  A deep elf master archer (Elf:3)
  A vault warden (Vaults:2)
  A centaur warrior (Vaults:3)
  2 deep elf knights (Elf:1)
  2 deep elf archers (Elf:1)
  A deep elf zephyrmancer (Elf:1)
  11 yaktaurs
  A human (D:15)
  61 knights
  An ancestor (D:8)
  A gnoll (D:8)
  20 fungi
  6 pillars of salt
  208 plants
317 creatures vanquished.

Grand Total: 2349 creatures vanquished

Notes
Turn   | Place    | Note
-------+----------+-------------------------------------------
     0 | D:1      | ragingrage the Mummy Hunter began the quest for the Orb.
     0 | D:1      | Reached XP level 1. HP: 16/16 MP: 1/1
    53 | D:1      | Reached skill level 1 in Stealth
   107 | D:1      | Reached XP level 2. HP: 15/22 MP: 2/2
   579 | D:1      | Gained mutation: You are in touch with the powers of death.
                  | [Mummy growth]
   579 | D:1      | Reached XP level 3. HP: 25/27 MP: 3/3
   998 | D:2      | Found a radiant altar of Vehumet.
  1004 | D:2      | Reached XP level 4. HP: 31/33 MP: 4/4
  1641 | D:3      | Found a runed translucent door.
  1642 | D:3      | Noticed Crazy Yiuf
  2008 | D:3      | Reached XP level 5. HP: 34/38 MP: 5/5
  2227 | D:4      | Reached skill level 5 in Ranged Weapons
  2259 | D:4      | Found a sand-covered staircase.
  2321 | Ossuary  | Entered an ossuary
  2530 | Ossuary  | Reached XP level 6. HP: 22/44 MP: 6/6
  2896 | D:4      | Found Qaqodoaw's Jewellery Boutique.
  2936 | D:4      | Found Irumaygh's General Store.
  2948 | D:4      | Found Geziddok's Antique Weapon Shop.
  2973 | D:4      | Bought a scroll of teleportation for 36 gold pieces
  3055 | D:4      | Found Ibum's Distillery.
  3364 | D:4      | Found Searoxaw's Jewellery Emporium.
  3531 | D:4      | Noticed a sky beast
  3584 | D:5      | Entered Level 5 of the Dungeon
  3675 | D:5      | Reached XP level 7. HP: 50/50 MP: 7/7
  3746 | D:5      | HP: 2/50 [wight/+3 halberd of freezing (7)]
  4133 | D:5      | Learned a level 2 spell: Blink
  4190 | D:5      | Found a glowing drain.
  4493 | D:5      | Reached XP level 8. HP: 53/56 MP: 8/8
  5480 | D:6      | Found Otido Ukk's Antique Weapon Emporium.
  6380 | D:6      | Found a hazy altar of Hepliaklqana.
  6384 | D:6      | Found an ancient bone altar of Kikubaaqudgha.
  6387 | D:6      | Found a snail-covered altar of Cheibriados.
  6393 | D:6      | Found an ornate altar of the Wu Jian Council.
  6408 | D:6      | Became a worshipper of Hepliaklqana the Forgotten
  7068 | D:7      | Reached XP level 9. HP: 56/67 MP: 9/9
  7137 | D:7      | Reached skill level 5 in Fighting
  7318 | D:7      | Reached skill level 2 in Dodging
  7389 | D:7      | Reached * piety under Hepliaklqana
  7621 | D:7      | Found a staircase to the Ecumenical Temple.
  8081 | D:8      | Reached skill level 3 in Dodging
  8438 | D:8      | Reached skill level 4 in Dodging
  9494 | D:6      | Bought a twisted double sword for 540 gold pieces
  9494 | D:6      | Identified the +3 double sword of Ysyetti {freeze, Str+3
                  | Int-5 Dex+9} (You bought it in a shop on level 6 of the
                  | Dungeon)
  9869 | D:9      | Reached ** piety under Hepliaklqana
  9885 | D:9      | Remembered your ancestor Sextus as a knight
  9893 | D:9      | Reached skill level 1 in Long Blades
  9897 | D:9      | Reached skill level 5 in Dodging
 10231 | D:9      | Reached XP level 10. HP: 71/71 MP: 10/10
 10483 | D:9      | Noticed a two-headed ogre
 10496 | D:9      | Killed a two-headed ogre
 10603 | D:9      | Identified a scroll of acquirement
 10619 | D:9      | Acquired a +0 hand crossbow of freezing
 10769 | D:10     | Entered Level 10 of the Dungeon
 10774 | D:10     | Identified the +9 spear "Gomoel" {protect, rElec rN+}
 10859 | D:10     | Noticed a two-headed ogre
 10968 | D:10     | Noticed a cyclops
 11041 | D:10     | Noticed a gargoyle
 11058 | D:10     | Reached skill level 10 in Ranged Weapons
 11060 | D:10     | Killed a gargoyle
 11361 | D:10     | Noticed a two-headed ogre
 11365 | D:10     | Killed a two-headed ogre
 11434 | D:11     | Noticed a gargoyle
 11437 | D:11     | Killed a gargoyle
 11442 | D:11     | Reached XP level 11. HP: 75/75 MP: 11/11
 11669 | D:10     | Noticed a two-headed ogre
 11669 | D:10     | Noticed a two-headed ogre
 11673 | D:10     | Killed a two-headed ogre
 11712 | D:10     | Reached *** piety under Hepliaklqana
 11750 | D:10     | Noticed a two-headed ogre
 11755 | D:10     | Killed a two-headed ogre
 11756 | D:10     | Reached skill level 1 in Invocations
 11903 | D:10     | Noticed a centaur warrior
 11912 | D:10     | Killed a centaur warrior
 12034 | D:10     | Noticed a centaur warrior
 12060 | D:10     | Killed a centaur warrior
 12287 | D:10     | Killed a two-headed ogre
 12340 | D:10     | Killed a two-headed ogre
 12870 | D:11     | Noticed a two-headed ogre
 12878 | D:11     | Killed a two-headed ogre
 12964 | D:11     | Reached XP level 12. HP: 81/81 MP: 15/15
 13095 | D:11     | Found a staircase to the Lair.
 13182 | D:11     | Found a staircase to the Orcish Mines.
 13442 | D:12     | Noticed Snorg
 13677 | D:12     | Noticed Kirke
 13787 | D:12     | Noticed a boulder beetle
 13795 | D:12     | Killed a boulder beetle
 13796 | D:12     | Reached skill level 1 in Shields
 14322 | D:12     | Killed Snorg
 14407 | Lair:1   | Entered Level 1 of the Lair of Beasts
 14538 | Lair:1   | Identified the +2 long sword "Xeicig" {flame, Will+ Int+3
                  | Dex+2 Stlth+}
 14558 | Lair:1   | Reached skill level 15 in Ranged Weapons
 14601 | Lair:1   | Noticed Gastronok
 14750 | Lair:1   | Noticed a catoblepas
 14762 | Lair:1   | Killed a catoblepas
 14888 | Lair:1   | Reached **** piety under Hepliaklqana
 14970 | Lair:1   | Gained mutation: You are strongly in touch with the powers
                  | of death. [Mummy growth]
 14970 | Lair:1   | Reached XP level 13. HP: 86/86 MP: 16/16
 14985 | Lair:1   | Killed Gastronok
 15393 | Lair:2   | Reached skill level 1 in Armour
 15810 | Lair:2   | Found a staircase to the Shoals.
 15959 | Lair:3   | Reached ***** piety under Hepliaklqana
 16014 | Lair:3   | Reached skill level 5 in Invocations
 16106 | Lair:3   | Found a staircase to the Snake Pit.
 17595 | Lair:5   | Entered Level 5 of the Lair of Beasts
 17609 | Lair:5   | Found a frozen archway.
 17625 | IceCv    | Entered an ice cave
 18183 | IceCv    | Reached XP level 14. HP: 97/97 MP: 19/19
 18788 | IceCv    | Reached skill level 6 in Dodging
 18898 | IceCv    | Noticed a frost giant
 19002 | IceCv    | Reached skill level 10 in Fighting
 19126 | IceCv    | Killed a frost giant
 19578 | Lair:5   | Identified the +4 short sword of Donusch {heavy, rC+ Will+}
 19599 | Lair:5   | Reached skill level 7 in Dodging
 19852 | Lair:5   | Reached skill level 8 in Dodging
 19896 | Lair:5   | Identified the +1 robe of Privacy {rN++ Str+3 SInv}
 20040 | Lair:5   | Found a viscous altar of Jiyva.
 20040 | Lair:5   | Found a staircase to the Slime Pits.
 20390 | Lair:5   | Reached skill level 9 in Dodging
 20551 | Lair:5   | Reached skill level 1 in Evocations
 20972 | D:12     | Noticed Jorgrun
 20979 | D:12     | Killed Jorgrun
 21347 | D:12     | Killed Kirke
 21463 | D:13     | Reached XP level 15. HP: 103/103 MP: 21/21
 21524 | D:13     | Found a gate to the Vaults.
 21992 | D:13     | Reached skill level 1 in Translocations
 22484 | D:13     | Reached skill level 5 in Evocations
 22744 | Orc:1    | Entered Level 1 of the Orcish Mines
 22858 | Orc:1    | Found a radiant altar of Vehumet.
 23035 | Orc:2    | Entered Level 2 of the Orcish Mines
 23040 | Orc:2    | Reached skill level 1 in Spellcasting
 23081 | Orc:2    | Noticed Saint Roka
 23334 | Orc:1    | Killed Saint Roka
 23693 | Orc:2    | Found a staircase to the Elven Halls.
 24086 | Orc:2    | Found Liucy's Book Shoppe.
 24088 | Orc:2    | Found Wyxtulak's Armour Shoppe.
 24120 | Orc:2    | Found Iquqai's Jewellery Shoppe.
 24198 | Orc:2    | Found Cotsap's Book Shop.
 24711 | D:14     | Found a runed translucent gate.
 24711 | D:14     | Found a runed translucent gate.
 24711 | D:14     | Found a runed translucent gate.
 24715 | D:14     | Noticed Wociock's ghost (journeyman DgHW)
 24715 | D:14     | Noticed Imiczer's ghost (journeyman FoFi)
 25740 | Orc:2    | Bought the dreamshard necklace {*Dream Drain} for 2200 gold
                  | pieces
 25740 | Orc:2    | Found the dreamshard necklace {*Dream Drain}
 25965 | D:15     | Entered Level 15 of the Dungeon
 25977 | D:15     | Reached skill level 5 in Armour
 26097 | D:15     | Identified the +5 ring mail of the Lumpy Dances {Will+
                  | Dex+4}
 26160 | D:15     | Found a staircase to the Depths.
 26160 | D:15     | Noticed a frost giant
 26169 | D:15     | Killed a frost giant
 26758 | D:15     | Reached ****** piety under Hepliaklqana
 26871 | D:15     | Reached XP level 16. HP: 114/114 MP: 22/22
 27264 | Snake:1  | Entered Level 1 of the Snake Pit
 28297 | Snake:1  | Noticed Aizul
 28531 | Snake:1  | Killed Aizul
 31154 | Snake:3  | Found Ziacihui's Book Shop.
 31154 | Snake:3  | Found Iplunn's Jewellery Emporium.
 31156 | Snake:3  | Found Efrudu's Book Shop.
 31193 | Snake:4  | Entered Level 4 of the Snake Pit
 31364 | Snake:4  | Reached skill level 5 in Translocations
 31922 | Snake:4  | Reached XP level 17. HP: 77/119 MP: 23/23
 32655 | Snake:4  | Got a serpentine rune of Zot
 32933 | Shoals:1 | Entered Level 1 of the Shoals
 33459 | Shoals:1 | Noticed Louise
 33469 | Shoals:1 | Killed Louise
 34099 | Shoals:2 | Noticed Ilsuiw
 35374 | Shoals:2 | Reached skill level 5 in Shields
 35641 | Shoals:2 | Noticed Polyphemus
 36620 | Shoals:2 | Killed Ilsuiw
 36652 | Shoals:2 | Noticed Nikola
 36822 | Shoals:1 | Killed Polyphemus
 37266 | Shoals:2 | Killed Nikola
 38196 | Shoals:3 | Reached XP level 18. HP: 126/126 MP: 24/24
 38743 | Shoals:4 | Entered Level 4 of the Shoals
 39275 | Shoals:4 | Identified the amulet "Xysioh" {Faith Rampage +Blink rF-
                  | Dex+4}
 39527 | Shoals:4 | Reached skill level 10 in Shields
 40246 | Shoals:4 | Got Sif Muna's Anthology of the Geodesic and
                  | Transfiguration
 40386 | Shoals:4 | Got a barnacled rune of Zot
 40860 | Vaults:1 | Entered Level 1 of the Vaults
 43023 | Orc:2    | Bought the ring "Askudwyu" {Fly rElec rCorr Int+2} for 454
                  | gold pieces
 43084 | Elf:1    | Entered Level 1 of the Elven Halls
 43091 | Elf:1    | Reached XP level 19. HP: 108/131 MP: 25/25
 43140 | Elf:1    | Paralysed by an air elemental for 1 turns
 43169 | Elf:1    | Found a flickering gateway to a bazaar.
 43174 | Bazaar   | Entered a bazaar
 43188 | Bazaar   | Found Veewokib's Assorted Antiques.
 43454 | Bazaar   | Found Arenuupt's Armour Shoppe.
 43458 | Bazaar   | Found Aklynn's Distillery.
 43465 | Bazaar   | Found Emish's Weapon Boutique.
 43497 | Bazaar   | Bought a wand of quicksilver (2) for 193 gold pieces
 43512 | Bazaar   | Bought a +2 cloak for 264 gold pieces
 44027 | Elf:1    | Reached skill level 10 in Armour
 44833 | Elf:1    | Found a shimmering blue altar of Sif Muna.
 44931 | Elf:1    | Identified the ring "Wonedog" {Fly MP+9 Dex-3 SInv Stlth+}
 45236 | Elf:1    | Paralysed by an air elemental for 1 turns
 46086 | Elf:2    | Found a runed translucent gate.
 46086 | Elf:2    | Found a runed translucent gate.
 46088 | Elf:2    | Found a runed translucent gate.
 46280 | Elf:3    | Entered Level 3 of the Elven Halls
 46675 | Elf:3    | Identified the +3 morningstar of Honour {heavy, rElec
                  | Will+++ rCorr MP-9}
 46973 | Elf:3    | Identified the ring of Vodka {rElec rF+ MP+9}
 47230 | Elf:3    | Identified the amulet "Ugeniteo" {Spirit Drain rC+ MP+9
                  | SInv}
 47328 | Elf:3    | Identified the ring "Syewk" {+Blink rPois Int-5 Dex+8
                  | Slay+3}
 47473 | Elf:3    | Identified the +8 flail of the Amorous God {vamp, rPois
                  | rN++ Will+ Int-3}
 47538 | Elf:3    | Reached skill level 10 in Evocations
 47569 | Elf:3    | Reached XP level 20. HP: 137/137 MP: 26/26
 47576 | Elf:3    | Identified the +5 morningstar of Yrphokhe {flame, rPois rC-
                  | Dex+6}
 47794 | Elf:3    | Reached skill level 10 in Dodging
 47978 | Elf:3    | Got Pihien's Discursus on Assembling and the Mortuary
 47998 | Elf:3    | Got the Grimoire of Ensnaring Contaminants
 48059 | Elf:3    | Identified the +0 quick blade "Plojy" {freeze, rElec rF+}
 48062 | Elf:3    | Identified the staff of conjuration "Umappa" {Str+3 SInv}
 48737 | Vaults:2 | Reached skill level 11 in Dodging
 48768 | Vaults:2 | Noticed Margery
 48777 | Vaults:2 | Killed Margery
 49516 | Vaults:2 | You fall into a shaft and drop 2 floors!
 49572 | Vaults:4 | Reached skill level 12 in Dodging
 50414 | Vaults:3 | Found a magical portal.
 50429 | WizLab   | Entered Wucad Mu's Monastery
 51096 | Vaults:3 | Found a staircase to the Crypt.
 51300 | Vaults:2 | Noticed Zenata
 51306 | Vaults:2 | Killed Zenata
 51433 | Vaults:2 | Noticed Asterion
 51449 | Vaults:2 | Killed Asterion
 51449 | Vaults:2 | Found Zecaiqacaa's Antique Weapon Shop.
 51572 | Vaults:2 | Reached XP level 21. HP: 139/145 MP: 27/27
 51589 | Vaults:2 | Reached skill level 13 in Dodging
 52087 | Vaults:2 | Found a runed translucent door.
 52091 | Vaults:2 | Noticed mandoloar's ghost (adept GnEE)
 52374 | Vaults:2 | Reached skill level 14 in Dodging
 53819 | Vaults:4 | Noticed Donald
 53823 | Vaults:4 | Killed Donald
 53891 | Vaults:4 | Reached skill level 15 in Dodging
 54444 | Depths:1 | Entered Level 1 of the Depths
 54447 | Depths:1 | Found a one-way gateway to a ziggurat.
 54491 | Depths:1 | Found Gaorirch's Assorted Antiques.
 54720 | Depths:1 | Bought a scroll of blinking for 255 gold pieces
 54812 | Depths:1 | Found Avol's Distillery.
 55050 | Depths:1 | Found Kuhoquen's Magic Scroll Emporium.
 55053 | Depths:1 | Bought a scroll of blinking for 157 gold pieces
 55090 | Depths:1 | Found Oniusch's Neck Hole.
 55212 | Depths:1 | Found Burughog's Distillery.
 55347 | Depths:1 | Found Geoxti's Weapon Shop.
 55437 | Depths:1 | Found a gateway to Hell.
 55996 | Depths:2 | Reached skill level 15 in Fighting
 56105 | Depths:2 | Found a one-way gate leading to the halls of Pandemonium.
 56147 | Depths:2 | Found a transporter.
 56283 | Depths:2 | Found a broken altar of Ashenzari.
 56337 | Depths:2 | Found a sparkling altar of Nemelex Xobeh.
 56420 | Depths:2 | Reached XP level 22. HP: 158/158 MP: 28/28
 56466 | Depths:2 | Identified the +6 long sword "Bototsui" {heavy, rC+ Str+3}
 56497 | Depths:2 | Found a transporter.
 56689 | Depths:3 | Noticed Grunn
 56694 | Depths:3 | Killed Grunn
 56962 | Depths:4 | Entered Level 4 of the Depths
 57437 | Depths:4 | Noticed a golden dragon
 57441 | Depths:4 | Killed a golden dragon
 57552 | Depths:3 | Noticed a golden dragon
 57559 | Depths:3 | Killed a golden dragon
 57692 | Depths:4 | Found an opulent altar of Gozag.
 58165 | Depths:3 | Noticed a golden dragon
 58450 | Depths:3 | Found a one-way gate to the infinite horrors of the Abyss.
 58822 | Depths:4 | Found a gate to the Realm of Zot.
 59611 | Slime:1  | Entered Level 1 of the Pits of Slime
 60698 | Slime:5  | Entered Level 5 of the Pits of Slime
 61539 | Slime:5  | Found a viscous altar of Jiyva.
 61540 | Slime:5  | Noticed the Royal Jelly
 61551 | Slime:5  | Killed the Royal Jelly
 61552 | Slime:5  | Reached XP level 23. HP: 171/171 MP: 25/29
 61741 | Slime:5  | Found the +10 dark maul {heavy}
 61743 | Slime:5  | Found the +2 cloak of the Thief {*Fog Slay-2 SInv Stlth+}
 61756 | Slime:5  | Got a slimy rune of Zot
 61789 | Slime:5  | Identified the +9 arbalest of Qoynair {drain, rElec}
 61800 | Slime:5  | Identified the staff of conjuration "Xoupoumi" {*Slow
                  | +Blink rElec rC+++}
 61846 | Slime:5  | Identified the staff of poison "Sema" {rPois Dex+5}
 62099 | Slime:5  | Learned a level 1 spell: Apportation
 62641 | D:14     | Killed Imiczer's ghost
 62643 | D:14     | Killed Wociock's ghost
 62658 | D:14     | Got the Catalogue of the Floating Union
 63339 | Zot:1    | Entered Level 1 of the Realm of Zot
 64971 | Zot:1    | Identified the +5 double sword "Iruhangi" {spect, *Slow
                  | rN++ Int+6}
 64971 | Zot:1    | Identified the +10 double sword of Reapportionment {flame,
                  | *Rage Int+5}
 65048 | Zot:2    | Noticed a curse toe
 65062 | Zot:2    | Killed a curse toe
 65296 | Zot:3    | Noticed a Killer Klown
 65300 | Zot:3    | Noticed a Killer Klown
 65555 | Zot:3    | Noticed a Killer Klown
 65559 | Zot:3    | Killed a Killer Klown
 65582 | Zot:3    | Noticed a curse toe
 65590 | Zot:2    | Killed a Killer Klown
 65703 | Zot:3    | Killed a curse toe
 65798 | Zot:3    | Noticed a Killer Klown
 65924 | Zot:3    | Killed a Killer Klown
 67166 | Zot:3    | Reached skill level 16 in Dodging
 67287 | Zot:3    | a Killer Klown changed into an alligator snapping turtle
 67932 | Zot:3    | Found a shimmering altar of Xom.
 67937 | Zot:3    | Found a shimmering altar of Xom.
 69481 | Zot:5    | Entered Level 5 of the Realm of Zot
 69633 | Zot:5    | Reached XP level 24. HP: 140/181 MP: 29/29
 70559 | Zot:5    | Noticed an ancient lich
 70569 | Zot:5    | Killed an ancient lich
 70570 | Zot:5    | Reached skill level 17 in Dodging
 70571 | Zot:5    | Noticed an ancient lich
 70576 | Zot:5    | Killed an ancient lich
 70579 | Zot:5    | Noticed a Killer Klown
 70589 | Zot:5    | Killed a Killer Klown
 70933 | Zot:5    | Noticed an orb of fire
 70940 | Zot:5    | Killed an orb of fire
 71086 | Zot:5    | Noticed a Killer Klown
 71126 | Zot:5    | Killed a Killer Klown
 71186 | Zot:5    | Noticed a dread lich
 71195 | Zot:5    | Noticed an orb of fire
 71203 | Zot:5    | Killed an orb of fire
 71410 | Zot:5    | Identified the +4 long sword of Honour {freeze, Str+4}
 71417 | Zot:5    | Reached skill level 18 in Dodging
 71521 | Zot:5    | Noticed a Killer Klown
 71664 | Zot:5    | Killed a Killer Klown
 71741 | Zot:5    | Noticed a Killer Klown
 71748 | Zot:5    | Killed a Killer Klown
 72296 | Crypt:1  | Entered Level 1 of the Crypt
 72780 | Crypt:1  | Reached skill level 19 in Dodging
 74717 | Zot:5    | Reached XP level 25. HP: 189/189 MP: 29/29
 75217 | Zot:5    | Reached skill level 20 in Dodging
 75653 | Zot:5    | Noticed a dread lich
 75653 | Zot:5    | Noticed a dread lich
 75657 | Zot:5    | Noticed an orb of fire
 75660 | Zot:5    | Noticed an orb of fire
 75987 | Zot:5    | Killed an orb of fire
 76286 | Zot:5    | Killed a dread lich
 76921 | Zot:5    | Killed an orb of fire
 76922 | Zot:5    | Killed a dread lich
 76977 | Zot:5    | Killed a dread lich
 77293 | Zot:5    | Got the Orb of Zot
 77315 | Zot:5    | Noticed Hehiuq the pandemonium lord
 77332 | Zot:5    | Killed Hehiuq the pandemonium lord
 77420 | Zot:2    | Reached skill level 21 in Dodging
 77932 | D:$      | Escaped with the Orb!

Illustrated notes

Levels and vault maps discovered:
D:1:      evilmike_arrival_crescent, layout_loops_ring
D:2:      cheibrodos_helix_gallery, layout_rooms, basic_altar,
          minmay_crystal_room, dk_vineyard_1, amcnicky_mini_pool_small,
          due_unseen_surprise
D:3:      layout_loops_cross, nicolae_figureground_pulse,
          uniq_crazy_yiuf_cottage
D:4:      layout_cave_pools, elyvilon_altar_1, nicolae_ossuary_entry_giza,
          serial_shops, shop, shop, kennysheep_little_box,
          nicolae_shop_waterfront, nicolae_shop_statue_plus,
          minmay_misc_feat_roman
D:5:      layout_loops_ring, cheibrodos_sewer_entry_bend,
          kennysheep_generic_room_12
D:6:      layout_basic, nicolae_overflow_hallway_of_the_gods, serial_shops,
          shop, minmay_strange_pillars, minmay_misc_feat_four_crosses
D:7:      layout_cave_pods, lemuel_temple_firewalk_b
D:8:      layout_cave_pools
D:9:      layout_loops_corners
D:10:     nzn_winding_woodlands_medium [nzn_winding_woodlands_5x5_cross,
          nzn_winding_woodlands_5x15_eye, nzn_winding_woodlands_5x5_open_star,
          nzn_winding_woodlands_5x5_perimeter,
          nzn_winding_woodlands_center_garden,
          nzn_winding_woodlands_5x5_default, nzn_winding_woodlands_hourglass,
          nzn_winding_woodlands_5x15_split_checker,
          nzn_winding_woodlands_5x5_three], layout_loops_ring,
          grunt_ministairs_14
D:11:     layout_rooms, hellmonk_lair_entry_icy, orc_0_dummy
D:12:     minmay_distorted_concentric_squares, layout_basic, uniq_jorgrun,
          uniq_snorg, uniq_kirke
D:13:     layout_loops_corners, david_vaults_1, the_hattery
D:14:     layout_roguey, gammafunk_ghost_cemetery, minivault_19,
          minmay_protected_statue
D:15:     grunt_enter_depths_snipers, layout_long_grid, serial_bayou_lagoon_a
Lair:1:   layout_regular_city, uniq_gastronok
Lair:2:   layout_misc_corridors, elwin_shoals_entry_rooms
Lair:3:   layout_regular_city, minmay_snake_entry_guardpost_medium
Lair:4:   layout_gridlike, grunt_megastairs_2
Lair:5:   evilmike_catoblepas_cave, layout_misc_corridors, slime_entry_1,
          portal_ice_cave_rime, infiniplex_staircase_pool, grunt_megastairs_1
Shoals:1: layout_shoals, nicolae_shoals_goliath_grotto, uniq_louise
Shoals:2: layout_shoals, nicolae_shoals_aquamancer_cove, uniq_polyphemus,
          uniq_ilsuiw, uniq_nikola
Shoals:3: layout_shoals
Shoals:4: shoals_end_simple, layout_shoals
Snake:1:  layout_basic, uniq_aizul
Snake:2:  layout_chambers, serial_bayou_lake_a
Snake:3:  layout_rooms, drop_trap, minmay_shop_grove
Snake:4:  minmay_snake_end_coiled, layout_rooms
Slime:1:  layout_caves
Slime:2:  layout_caves, cheibrodos_slime_lost_civilization_5
Slime:3:  layout_caves, basic_altar
Slime:4:  layout_caves
Slime:5
Orc:1:    layout_caves, basic_altar
Orc:2:    hellmonk_orc_salted, layout_caves, uniq_saint_roka
Elf:1:    elf_arrival_002, layout_loops_corners, serial_shops, bzr_entry_gold,
          basic_altar, minmay_elf_crystal_heptagon,
          minmay_the_grid_square_5x5_3x3_mashed
          [minmay_the_grid_square_5x5_inner_v, minmay_the_grid_square_5x5_comb,
          minmay_the_grid_square_5x5_three_walls,
          minmay_the_grid_square_5x5_doubleslash,
          minmay_the_grid_square_5x5_megaprize_crossed,
          minmay_the_grid_square_5x5_six, minmay_the_grid_square_5x5_dogpile,
          minmay_the_grid_square_5x5_corner,
          minmay_the_grid_square_5x5_shuriken]
Elf:2:    nicolae_elf_blades_splatter_lattice [grunt_blade_entry_basic],
          layout_loops_cross, dreamdust_mushroom_princess
Elf:3:    grunt_elf_hall_branching, layout_geoelf_diagonals
Vaults:1: nicolae_vaults_big_angled_halls, ontoclasm_vaults_ring_small,
          ontoclasm_vaults_ring_square, hangedman_vaults_hat,
          vaults_room_door_ring, grunt_vaults_twisty, vaults_room_pools,
          hangedman_vaults_locks, ontoclasm_vaults_fault,
          vaults_room_guarded_vault, v_misc_5, v_misc_28,
          ontoclasm_vaults_shuriken, ontoclasm_vaults_ligature,
          vaults_dpeg_cross, layout_vaults_maze
Vaults:2: hellmonk_ghost_big_iron, nicolae_vaults_network_periphery, v_rooms_5,
          nicolae_vaults_network_barrier, grunt_vaults_diagonal,
          nicolae_vaults_big_ls, vaults_room_boxed, ontoclasm_vaults_tryst,
          nicolae_vaults_what_the_h, nicolae_vaults_statue_guard,
          vaults_room_stairs_pillars, ontoclasm_vaults_decontamination,
          vaults_dpeg_emergency_exit, layout_vaults_omnicross, serial_shops,
          nicolae_shop_waterfront, uniq_margery, uniq_asterion, uniq_zenata
Vaults:3: infiniplex_enter_wizlab_glasses, v_pattern_4,
          minmay_crypt_entry_simple_round, hangedman_vaults_nails,
          ontoclasm_vaults_eye, hangedman_vaults_pinch,
          nicolae_vaults_little_squares_4, hangedman_vaults_corner_blocks,
          layout_vaults_quadrants
Vaults:4: nicolae_vaults_angled_halls, v_pattern_3, v_rooms_4,
          ontoclasm_vaults_spin, v_alt_pattern_2, v_misc_2, vaults_dpeg_spiral,
          nicolae_vaults_display_case, grunt_vaults_funnel,
          nicolae_vaults_little_ls, layout_vaults_ring, uniq_donald
Crypt:1:  layout_gridlike, grunt_crypt_arrival_split
Crypt:2:  layout_chaotic_city, minivault_25, amcnicky_mini_corridor_feature,
          library_closet
Depths:1: layout_basic, enter_ziggurat_a, chequers_big_river, serial_shops,
          kennysheep_mini, nicolae_shop_trees, nicolae_shop_trees, shop,
          nicolae_shop_hallway_plus, hangedman_tar_grid_catacomb,
          nicolae_shop_sticking_my_neck_out
Depths:2: gammafunk_its_a_trap, layout_basic, nicolae_ashenzari_skybound,
          hell_entry, rand_demon_pan_entry_1, serial_corexii_hall,
          chequers_hall_statues_y, corexii_hall_statues_l,
          chequers_hall_statues_corner_a, nemelex_xobeh_ov_fountains_minmay
Depths:3: hangedman_cross_stitches, layout_gridlike, kennysheep_pointless_box,
          hangedman_coc_ice_floe, abyss_entry, nrook_uturn,
          minmay_staircase_bubble, uniq_grunn
Depths:4: evilmike_zot_entry_basic, layout_basic, grunt_gozag_breadcrumbs,
          rand_demon_pan_entry_5, hangedman_geh_valley, serial_bayou_shore_a
Zot:1:    hellmonk_paralyzer, layout_misc_corridors, nicolae_rock_paper_scissors
Zot:2:    layout_gridlike
Zot:3:    dreamdust_zin_vs_xom, layout_cathedral_of_symmetry
Zot:4:    layout_twisted_circle
Zot:5:    layout_basic, st_stairs_10, drop_trap,
          hangedman_zot_decor_checkerboard, grunt_ministairs_9

Skill      XL: |  1  2  3  4  5  6  7  8  9 10 11 12 13 14 15 16 17 18 19 20 21 22 23 24 25 |
---------------+----------------------------------------------------------------------------+-----
Stealth        | 1 2 |  2.0
Ranged Weapons | 4 5 6 8 9 11 13 15 16 18 | 18.0
Fighting       | 4 7 9 10 12 13 15 18 19 20 | 20.0
Dodging        | 5 9 12 15 16 19 21 | 21.3
Long Blades    | 2 4 |  4.9
Invocations    | 4 7 8 9 |  9.0
Shields        | 3 4 8 13 14 | 14.0
Armour         | 4 6 9 11 | 11.0
Evocations     | 3 5 6 10 12 14 | 14.0
Translocations | 4 5 7 |  7.0
Spellcasting   | 2 3 |  3.0

Action                     |  1- 3 |  4- 6 |  7- 9 | 10-12 | 13-15 | 16-18 | 19-21 | 22-24 | 25-27 || total
---------------------------+-------+-------+-------+-------+-------+-------+-------+-------+-------++-------
  Melee: Shortbow          |       |       |     9 |       |       |       |       |       |       ||     9
   Fire: Shortbow          |   105 |   256 |   607 |    30 |       |       |       |       |       ||   998
         Hand crossbow     |       |       |       |   371 |  1016 |  1373 |  1243 |  1425 |   166 ||  5594
  Throw: Dart              |       |       |       |     3 |     4 |     2 |     2 |       |       ||    11
         Throwing net      |       |       |       |       |     1 |       |       |     2 |     1 ||     4
   Cast: Blink             |       |       |       |       |     1 |       |       |       |       ||     1
         Apportation       |       |       |       |       |       |       |       |    13 |       ||    13
 Invoke: Recall Ancestor   |       |       |     4 |     5 |     4 |    15 |     7 |     9 |     9 ||    53
         Ancestor Life: Kn |       |       |     1 |       |       |       |       |       |       ||     1
         Transference      |       |       |       |     1 |     3 |     2 |       |       |       ||     6
         Idealise          |       |       |       |       |     9 |    10 |     7 |    16 |     5 ||    47
  Evoke: Wand              |       |       |     2 |     1 |     4 |     1 |     7 |     1 |    10 ||    26
         Condenser vane    |       |       |       |       |       |     1 |     6 |     6 |     1 ||    14
         Box of beasts     |       |       |       |       |       |       |     1 |     2 |     2 ||     5
         Phial of floods   |       |       |       |       |       |       |     1 |       |       ||     1
         Tin of tremorston |       |       |       |       |       |       |     2 |     3 |     2 ||     7
    Use: Scroll            |       |     6 |     9 |     7 |     3 |     2 |    14 |    12 |     4 ||    57
 Armour: Leather armour    |    13 |     1 |       |       |       |       |       |       |       ||    14
         Ring mail         |       |    81 |   164 |    35 |     2 |   210 |    91 |   125 |    11 ||   719
         Troll leather arm |       |       |       |    34 |    94 |       |       |       |       ||   128
  Dodge: Dodged            |    17 |    86 |   191 |    65 |   265 |   351 |   226 |   415 |    43 ||  1659
  Block: Buckler           |       |       |       |    15 |    17 |    23 |       |       |       ||    55
         Kite shield       |       |       |       |       |       |   353 |   325 |   431 |    41 ||  1150

Table legend: (Time is in decaauts)
 A = Elapsed time spent in this place.
 B = Non-inter-level travel time spent in this place.
 C = Inter-level travel time spent in this place.
 D = Time resting spent in this place.
 E = Time spent auto-exploring this place.
 F = Levels seen in this place.
 G = Mean time per level.
                   A        B        C        D        E       F      G
               +--------+--------+--------+--------+--------+-----+--------+
         Total |  79859 |  71739 |   8120 |  25784 |  32119 |  57 | 1401.0 |
       Dungeon |  21125 |  17659 |   3466 |   4867 |   8999 |  15 | 1408.3 |
          Lair |   5326 |   4650 |    676 |    811 |   2793 |   5 | 1065.2 |
        Shoals |   8254 |   7494 |    760 |   4161 |   2130 |   4 | 2063.5 |
     Snake Pit |   5792 |   5587 |    205 |   1460 |   3049 |   4 | 1448.0 |
    Slime Pits |   2507 |   2350 |    157 |    814 |   1087 |   5 |  501.4 |
  Orcish Mines |   2419 |   1995 |    424 |    820 |    791 |   2 | 1209.5 |
   Elven Halls |   4829 |   4524 |    305 |   1404 |   2056 |   3 | 1609.7 |
        Vaults |   8299 |   7492 |    807 |   2350 |   3803 |   4 | 2074.8 |
         Crypt |   1743 |   1597 |    146 |     75 |   1102 |   2 |  871.5 |
        Depths |   5547 |   4936 |    611 |   1465 |   2645 |   4 | 1386.8 |
           Zot |  11346 |  10786 |    560 |   6058 |   3138 |   5 | 2269.2 |
        Bazaar |    364 |    364 |      0 |    250 |     34 |   1 |  364.0 |
       Ossuary |    509 |    509 |      0 |    192 |    130 |   1 |  509.0 |
      Ice Cave |   1740 |   1740 |      0 |   1052 |    361 |   1 | 1740.0 |
        Wizlab |     52 |     52 |      0 |      0 |      0 |   1 |   52.0 |
               +--------+--------+--------+--------+--------+-----+--------+

Top non-repeatable levels by time:
   Zot:5: 5249 daAuts
Shoals:1: 3093 daAuts
Vaults:2: 2668 daAuts
Shoals:2: 2401 daAuts
   Zot:3: 2284 daAuts
Vaults:1: 2106 daAuts
   Elf:3: 2075 daAuts
   Elf:1: 2047 daAuts
    D:10: 2005 daAuts
Vaults:4: 1822 daAuts
    D:14: 1815 daAuts
     D:7: 1753 daAuts
    D:12: 1749 daAuts
   IceCv: 1740 daAuts
    D:13: 1740 daAuts
